 Dungeon Sprint DCSS version 0.19.3-4-gbf9329e (webtiles) character file.

1257 Kagutsuchi the Fighter (level 8, -3/66 HPs)
             Began as a Red Draconian Berserker on Jan 27, 2017.
             Was an Elder of Trog.
             Slain by a polar bear (20 damage)
             ... in the Dungeon (Sprint II: "The Violet Keep of Menkaure").
             The game lasted 00:05:23 (460 turns).

Kagutsuchi the Fighter (Red Draconian Berserker)     Turns: 460, Time: 00:05:23

Health: -3/66      AC:  6    Str: 20    XL:     8   Next: 26%
Magic:  8/8        EV: 17    Int:  3    God:    Trog [****..]
Gold:   68         SH:  0    Dex: 13    Spells: 0 memorised, 7 levels left

rFire  + . .     SeeInvis .     i - +2 great sword (holy)
rCold  . . .     Gourm    .     (armour unavailable)
rNeg   . . .     Faith    .     (shield currently unavailable)
rPois  .         Spirit   .     (helmet restricted)
rElec  .         Reflect  .     (no cloak)
rCorr  .         Harm     .     (no gloves)
MR     .....     NoTele   +     (no boots)
Stlth  +.........               (no amulet)
                                (no ring)
                                (no ring)

@: lethally poisoned (-3 -> -4), slowed, very slow
A: breathe fire, unfitting armour, dopey 2, fire resistance 1, frail 2,
regeneration 1, cold-blooded, AC +6
a: Breathe Fire, Berserk, Trog's Hand, Brothers in Arms, Burn Spellbooks,
Renounce Religion


You were in the Dungeon.
You worshipped Trog.
Trog was greatly pleased with you.
You were not hungry.

You visited 1 branch You collected 729 gold pieces.
You spent 661 gold pieces at shops.

Inventory:

Hand Weapons
 a - a +0 falchion
 i - a +2 great sword of holy wrath (weapon)
Missiles
 d - 3 needles of confusion
Armour
 j - a +0 plate armour
Scrolls
 h - a scroll of blinking
Potions
 c - 5 potions of curing
 e - a potion of haste
 f - 2 potions of magic
 g - a potion of berserk rage
Comestibles
 b - a meat ration
 k - a bread ration


   Skills:
 + Level 11.7 Fighting
 + Level 11.6 Long Blades
 + Level 9.5 Dodging
 + Level 1.0 Stealth


You had 7 spell levels left.
You didn't know any spells.

Dungeon Overview and Level Annotations

Branches:
Dungeon (1/1)

Altars:
Cheibriados
Dithmenos
Elyvilon
Fedhas
Gozag
Kikubaaqudgha
Makhleb
Nemelex Xobeh
Okawaru
Sif Muna
Trog
Uskayaw
Vehumet
Zin
The Shining One
Beogh
Jiyva
Lugonu

Shops:
D }[:%:?%=?[(!=[!(

Annotations:
D exclusion: oklob plant


Innate Abilities, Weirdness & Mutations

You can breathe blasts of fire.
Your fiery red scales are hard. (AC +6)
You cannot fit into any form of body armour.
Your flesh is heat resistant. (rF+)
You are cold-blooded and may be slowed by cold attacks.
You are very dopey. (Int -4)
You are very frail. (-20% HP)
Your natural rate of healing is unusually fast.


Message History

The polar bear claws you.
* * * LOW HITPOINT WARNING * * *
The hornet is engulfed in a cloud of scalding steam.
The hornet barely misses you.
You riposte.
You closely miss the hornet.
The hornet is lightly wounded.
You feel better.
You feel yourself speed up. The hornet closely misses you.
The polar bear barely misses you.
You riposte.
You barely miss the polar bear.
The polar bear is lightly wounded.
The polar bear completely misses you. The polar bear misses you.
The polar bear is engulfed in a cloud of scalding steam.
The polar bear bites you. The polar bear claws you.
* * * LOW HITPOINT WARNING * * *
The polar bear claws you but does no damage.
The hornet stings you.
* * * LOW HITPOINT WARNING * * *
You are poisoned.
You feel yourself slow down. The polar bear bites you!!
You die...

≈≈≈≈#.. ..# .#
≈≈####.#.####..# .#
≈##.###'###.##..# .# #
≈#.#.##.##.#.#..# .# .#
≈'###'.<.'.##'..### .##.#
≈#.#.##.##..##....###...##▓▓
≈##.###'###.##......≈≈≈≈≈≈≈≈
≈≈####.#.####≈§..h..≈#+#####
#≈≈≈#..##.#≈≈≈≈§@yc.≈#....._
#'#≈##..###≈≈§§§≈h§.≈#...._.
#.#≈≈##'##≈≈≈§≈≈≈§§§≈#..._._
####≈≈≈≈≈≈≈≈≈§§§§§≈≈≈#.._._.
#+++#+++#≈§≈§≈≈≈≈≈#._._._
≈S≈§§ ##≈≈≈###≈≈#_._._.
≈≈≈§§≈§≈≈##≈≈# #≈§#._._._
+≈≈≈§≈§≈≈§≈≈+§≈# #≈≈#_._._.
##≈≈≈≈§≈S≈§##≈≈≈≈§≈≈######


You could see 2 polar bears, a yaktaur and a hornet.

Vanquished Creatures
  A blink frog (D)
  2 hippogriffs (D)
  4 neqoxecs (D)
  Menkaure (D)
  4 worker ants (D)
  3 worms (D)
15 creatures vanquished.

Vanquished Creatures (others)
  A crocodile (D)
1 creature vanquished.

Grand Total: 16 creatures vanquished

Notes
Turn   | Place    | Note
-------+----------+-------------------------------------------
     0 | D        | Kagutsuchi the Draconian Berserker began the quest for the Orb.
     0 | D        | Reached XP level 1. HP: 19/19 MP: 1/1
     1 | D        | Noticed a neqoxec
     1 | D        | Noticed a neqoxec
     1 | D        | Noticed a neqoxec
     1 | D        | Noticed a neqoxec
     4 | D        | Noticed an iron imp
     4 | D        | Noticed an iron imp
     9 | D        | Gained mutation: You are dopey. (Int -2) [a neqoxec]
    14 | D        | Killed a neqoxec
    14 | D        | Reached skill level 5 in Dodging
    14 | D        | Reached XP level 2. HP: 34/34 MP: 2/2
    14 | D        | Reached XP level 3. HP: 39/39 MP: 3/3
    14 | D        | Reached XP level 4. HP: 47/47 MP: 4/4
    19 | D        | Killed a neqoxec
    19 | D        | Reached ** piety under Trog
    19 | D        | Reached XP level 5. HP: 34/56 MP: 5/5
    22 | D        | Gained mutation: You are frail. (-10% HP) [a neqoxec]
    25 | D        | Gained mutation: Your natural rate of healing is unusually fast. [a neqoxec]
    27 | D        | Killed a neqoxec
    27 | D        | Reached XP level 6. HP: 52/57 MP: 6/6
    29 | D        | Gained mutation: You are very dopey. (Int -4) [a neqoxec]
    36 | D        | Gained mutation: You are very frail. (-20% HP) [a neqoxec]
    38 | D        | Killed a neqoxec
    38 | D        | Reached skill level 10 in Fighting
    50 | D        | Your scales start taking on a fiery red colour.
    50 | D        | Reached XP level 7. HP: 57/57 MP: 7/7
    50 | D        | Gained mutation: Your flesh is heat resistant. (rF+) [Red Draconian growth]
    55 | D        | Reached *** piety under Trog
    70 | D        | Noticed a hippogriff
    70 | D        | Noticed a hippogriff
    78 | D        | Killed a hippogriff
    78 | D        | Reached skill level 10 in Long Blades
    84 | D        | Killed a hippogriff
    84 | D        | Reached **** piety under Trog
   165 | D        | Found Ronuekuc's Antique Armour Emporium.
   165 | D        | Found Ydaptef's Distillery.
   165 | D        | Found Hugoev's Jewellery Shoppe.
   165 | D        | Found Ziaxegh's Antique Armour Emporium.
   165 | D        | Found Xoxuaxt's Magic Scroll Shoppe.
   165 | D        | Found Oqoiwkof's Antique Weapon Emporium.
   165 | D        | Found Ydureas's Antique Weapon Shoppe.
   165 | D        | Found Wic Uhomov's Jewellery Shoppe.
   165 | D        | Found Ratan's Distillery.
   166 | D        | Found Maegof's Food Shoppe.
   166 | D        | Found Defios's Magic Scroll Emporium.
   168 | D        | Noticed a wyvern
   169 | D        | Noticed a wyvern
   169 | D        | Found Qinoskov's Book Emporium.
   169 | D        | Found Xaheptixt's Food Shoppe.
   169 | D        | Noticed Menkaure
   169 | D        | Noticed an oklob plant
   170 | D        | Noticed a slime creature
   170 | D        | Found Heewn's Antique Armour Shoppe.
   170 | D        | Found Giunytax's Book Shoppe.
   170 | D        | Found Diusimon's Gadget Emporium.
   171 | D        | Noticed a slime creature
   175 | D        | Noticed a slime creature
   194 | D        | Killed Menkaure
   194 | D        | Received a gift from Trog
   194 | D        | Reached XP level 8. HP: 15/65 MP: 8/8
   271 | D        | Bought a runed great sword for 350 gold pieces
   317 | D        | Noticed a blink frog
   332 | D        | Killed a blink frog
   332 | D        | Reached skill level 1 in Stealth
   393 | D        | Bought a potion of curing for 39 gold pieces
   399 | D        | Bought a potion of curing for 33 gold pieces
   399 | D        | Bought a potion of curing for 33 gold pieces
   399 | D        | Bought a potion of curing for 33 gold pieces
   399 | D        | Bought a potion of curing for 33 gold pieces
   407 | D        | Bought a meat ration for 70 gold pieces
   407 | D        | Bought a bread ration for 70 gold pieces
   447 | D        | Found an opulent altar of Gozag.
   447 | D        | Found an iron altar of Okawaru.
   448 | D        | Found a blossoming altar of Fedhas.
   448 | D        | Found a sparkling altar of Nemelex Xobeh.
   449 | D        | Found a white marble altar of Elyvilon.
   449 | D        | Found a burning altar of Makhleb.
   449 | D        | Found a radiant altar of Vehumet.
   450 | D        | Found a shadowy altar of Dithmenos.
   450 | D        | Found a corrupted altar of Lugonu.
   450 | D        | Found a hide-covered altar of Uskayaw.
   451 | D        | Found a snail-covered altar of Cheibriados.
   451 | D        | Found an ancient bone altar of Kikubaaqudgha.
   451 | D        | Found a bloodstained altar of Trog.
   451 | D        | Found a glowing golden altar of the Shining One.
   451 | D        | Noticed a polar bear
   452 | D        | Noticed a polar bear
   453 | D        | Found a roughly hewn altar of Beogh.
   453 | D        | Found a viscous altar of Jiyva.
   453 | D        | Found a deep blue altar of Sif Muna.
   453 | D        | Found a glowing silver altar of Zin.
   454 | D        | Noticed a hornet
   456 | D        | Noticed a yaktaur
   460 | D        | Slain by a polar bear

Skill      XL: |  1  2  3  4  5  6  7  8 |
---------------+-------------------------+-----
Fighting       | 7 8 9 10 11 | 11.7
Long Blades    | 6 7 8 9 11 | 11.6
Dodging        | 5 6 7 8 9 |  9.5
Stealth        | 1 |  1.0

Action                   |  1- 3 |  4- 6 |  7- 9 || total
-------------------------+-------+-------+-------++-------
Melee: Falchion          |    12 |    27 |    51 ||    90
       Tailslap          |     1 |     3 |    16 ||    20
       Great sword       |       |       |     6 ||     6
Invok: Berserk           |     1 |       |     1 ||     2
  Use: Potion            |       |     1 |     1 ||     2
  Eat: Bread ration      |       |       |     1 ||     1
Armor: Skin              |     1 |     7 |     9 ||    17
Dodge: Dodged            |     3 |    22 |    60 ||    85
       Rpst.: Falchion   |       |     6 |     6 ||    12
       Great sword       |       |       |     8 ||     8
